 Dungeon Crawl Stone Soup version 0.30-a0-4-ga7cffc901d (webtiles) character file.

Game seed: 15417833185201565064

6 Setbun the Sneak (level 2, 0/15 HPs)
             Began as a Kobold Enchanter on Aug 20, 2022.
             Slain by a jackal (1 damage)
             ... on level 1 of the Dungeon.
             The game lasted 00:00:23 (115 turns).

Setbun the Sneak (Kobold Enchanter)                  Turns: 115, Time: 00:00:23

Health: 0/15       AC:  2    Str:  5    XL:     2   Next: 0%
Magic:  5/5        EV: 15    Int: 16    God:
Gold:   5          SH:  0    Dex: 15    Spells: 5/5 levels left

rFire   . . .      SeeInvis .    e - +1 short sword (venom)
rCold   . . .      Faith    .    (no shield)
rNeg    . . .      Spirit   .    b - +0 robe
rPois   .          Reflect  .    (no helmet)
rElec   .          Harm     .    (no cloak)
rCorr   .          Rampage  .    (no gloves)
Will    .....                    (no boots)
Stlth   ++++......               (no amulet)
HPRegen 0.05/turn                (no ring)
MPRegen 0.09/turn                (no ring)

@: no status effects
A: small, no large weapons, nightstalker 3
a: no special abilities


You were on level 1 of the Dungeon.
You visited 1 branch of the dungeon, and saw 1 of its levels.

You collected 5 gold pieces.

Inventory:

Hand Weapons
 a - a +1 dagger
 e - a +1 short sword of venom (weapon)
Missiles
 f - a throwing net (quivered)
Armour
 b - a +0 robe (worn)
Potions
 c - 2 potions of invisibility
 d - a potion of berserk rage {unknown}


   Skills:
 + Level 0.3 Fighting
 + Level 1.5 Short Blades
 * Level 2.6 Dodging
 * Level 4.3 Stealth
 - Level 2.1 Spellcasting
 - Level 3.0 Hexes


You had 5 spell levels left.
You didn't know any spells.
Your spell library contained the following spells:

 Spells                   Type           Power      Damage    Failure   Level
 Ensorcelled Hibernation  Hex/Ice        12%        N/A       17%         2
 Confusing Touch          Hex            11%        N/A       19%         3
 Tukima's Dance           Hex            11%        N/A       19%         3
 Dazzling Flash           Conj/Hex       12%        N/A       32%         3
 Conjure Flame            Conj/Fire      1%         6-21      52%         3
 Ignite Poison            Fire/Tmut/Pois 1%         N/A       52%         3
 Sticky Flame             Conj/Fire      1%         2d3       90%         4


Dungeon Overview and Level Annotations

Branches:
Dungeon (1/15)

Altars:


Innate Abilities, Weirdness & Mutations

You are small and have problems with some larger weapons.
You are completely attuned to the shadows.


Message History

You are too injured to fight recklessly!
You are too injured to fight recklessly!
You are too injured to fight recklessly!
You are too injured to fight recklessly!
You are too injured to fight recklessly!
You are too injured to fight recklessly!
You are too injured to fight recklessly!
You are too injured to fight recklessly!
You are too injured to fight recklessly!
You are too injured to fight recklessly!
You are too injured to fight recklessly!
You kill the jackal!
The jackal misses you.
You have reached level 2!
You barely miss the jackal. The jackal barely misses you. x2
The jackal bites you.
The jackal bites you but does no damage.
You barely miss the jackal. The jackal misses you. The jackal bites you.
* * * LOW HITPOINT WARNING * * *
The jackal bites you but does no damage.
The jackal bites you.
* * * LOW HITPOINT WARNING * * *
The jackal barely misses you. x3; The jackal bites you.
* * * LOW HITPOINT WARNING * * *
Unknown command.
You hit the jackal but do no damage.
The jackal is poisoned.
The jackal completely misses you. The jackal barely misses you.
The jackal bites you but does no damage.
The jackal misses you.
You barely miss the jackal.
The jackal bites you but does no damage.
The jackal closely misses you. The jackal bites you.
* * * LOW HITPOINT WARNING * * *
The jackal misses you.
A jackal comes into view.
The jackal misses you. The jackal barely misses you.
The jackal closely misses you.
The jackal bites you but does no damage.
You closely miss the jackal. The jackal bites you.
You die...

#........##
#.........###
#...........#
#........##.#
#####.#####.######
#.# #....... ##
#.# ##).....
.########.#
#.h.?..
..........#
#@h....
###.......#
#hh.... #.......#
#...... #.....†.#
#...h.. #.......#
#####.. #.(.......
#.......#.


You could see 5 jackals.

Vanquished Creatures
  An endoplasm (D:1)
  A giant cockroach (D:1)
  2 jackals (D:1)
  A rat (D:1)
5 creatures vanquished.

Notes
Turn   | Place    | Note
-------+----------+-------------------------------------------
     0 | D:1      | Setbun the Kobold Enchanter began the quest for the Orb.
     0 | D:1      | Reached XP level 1. HP: 10/10 MP: 3/3
   111 | D:1      | Reached XP level 2. HP: 6/15 MP: 5/5
   115 | D:1      | Slain by a jackal

Illustrated notes

Levels and vault maps discovered:
D:1:      dpeg_arrival_erosion, layout_rooms,
          dreamdust_ecumenical_altar_drowned_temple

Action                   || total
-------------------------++-------
Melee: Short sword       ||    14
       Dagger            ||     1
 Stab: Sleeping          ||     2
Armor: Robe              ||     7
Dodge: Dodged            ||    30

Table legend: (Time is in decaauts)
 A = Elapsed time spent in this place.
 B = Non-inter-level travel time spent in this place.
 C = Inter-level travel time spent in this place.
 D = Time resting spent in this place.
 E = Time spent auto-exploring this place.
 F = Levels seen in this place.
 G = Mean time per level.
                   A        B        C        D        E       F      G
               +--------+--------+--------+--------+--------+-----+--------+
         Total |    114 |    114 |      0 |      0 |     70 |   1 |  114.0 |
       Dungeon |    114 |    114 |      0 |      0 |     70 |   1 |  114.0 |
               +--------+--------+--------+--------+--------+-----+--------+

Top non-repeatable levels by time:
     D:1: 114 daAuts
